 Dungeon Crawl Stone Soup version 0.25.0-3-gd7cc5688da (webtiles) character file.

Game seed: 8336527195168073004

45 Peloso the Covered (level 3, 26/26 HPs)
             Began as a Demonspawn Fighter on June 15, 2020.
             Got out of the dungeon alive.
             The game lasted 00:02:17 (1191 turns).

Peloso the Covered (Demonspawn Fighter)             Turns: 1191, Time: 00:02:17

Health: 26/26      AC:  6    Str: 17    XL:     3   Next: 42%
Magic:  3/3        EV:  7    Int:  9    God:
Gold:   103        SH: 12    Dex: 10    Spells: 2/2 levels left

rFire    . . .     SeeInvis .   a - +0 long sword
rCold    . . .     Gourm    .   c - +0 kite shield
rNeg     . . .     Faith    .   b - +0 scale mail
rPois    .         Spirit   .   (no helmet)
rElec    .         Reflect  .   (no cloak)
rCorr    .         Harm     .   (no gloves)
MR       .....                  (no boots)
Stlth    ..........             (no amulet)
HPRegen  0.08/turn              (no ring)
MPRegen  0.08/turn              (no ring)

@: no status effects
A: hooves 1, large bone plates 1, blink, clumsy 1, deterioration 1, frail 1
a: Blink


You escaped.
You were not hungry.

You visited 1 branch of the dungeon, and saw 2 of its levels.

You collected 103 gold pieces.

Inventory:

Hand Weapons
 a - a +0 long sword (weapon)
Armour
 b - a +0 scale mail (worn)
 c - a +0 kite shield (worn)
Jewellery
 h - a cursed ring of attention {unknown}
 m - a cursed ring of attention {unknown}
 o - an uncursed ring of see invisible {unknown}
Scrolls
 j - a scroll of immolation {unknown}
 n - a scroll of remove curse {unknown}
Potions
 d - a potion of might
 e - 2 potions of brilliance
Comestibles
 f - 3 rations
 g - 2 chunks of flesh


   Skills:
 + Level 3.2 Fighting
 + Level 2.2 Long Blades
 + Level 3.3 Armour
 + Level 0.3 Dodging
 + Level 0.3 Stealth
 + Level 2.9 Shields


You had 2 spell levels left.
You didn't know any spells.
Your spell library was empty.

Dungeon Overview and Level Annotations

Branches:
Dungeon (2/15)

Altars:


Innate Abilities, Weirdness & Mutations

You are partially covered in large bone plates. (SH +4)
You have large cloven feet.
You can translocate small distances at will.
You are clumsy. (Dex -2)
Your body sometimes deteriorates upon taking damage.
You are frail. (-10% HP)


Message History

You feel less invigorated.
You feel less confused.
(D) Dungeon
Where to? (Enter - D:12, ? - help)
What level of the Dungeon? (default 1, ? - help)
You butcher the adder corpse.
g - 4 chunks of flesh (gained 2)
You see here an adder skeleton. x2
There is a stone staircase leading down here.
You are starting to lose your buoyancy.
You feel a little less clever now.
You float gracefully downwards.
Some of the chunks of flesh in your inventory have rotted away.
There is a stone staircase leading up here.
You climb upwards.
There is a stone staircase leading down here.
There is an escape hatch in the floor here.
There is a staircase leading out of the dungeon here.
Are you sure you want to leave the Dungeon?
This will make you lose the game!
You have escaped!

#.......# #.###.## ##
#.#####.## ####.....# #
#........## #....###.## ##
#(#####...###.##.# ##.###.
###.#####.......##.# #.....
#...............##.# #..#..
#.#.###......⌠..##.####..##.
#.#.# #.........##.##.......
#.#.# #..∩.@>....#.##.......
#.#.# #.....................
#.#.###......⌠..............
#.#.............##.##.......
#.#.###.........##.##.......
#.#.###..#.........##.......
#............##...........#.
##...##..#.#####.#######.###
##.#..##..#.# #.# #.#


There were no monsters in sight!

Vanquished Creatures
  An adder (D:2)
  A worm (D:2)
  2 leopard geckos (D:1)
  3 ball pythons (D:1)
  5 goblins (D:1)
  4 hobgoblins (D:1)
  2 jackals (D:1)
  4 bats (D:1)
  5 frilled lizards (D:1)
  6 rats (D:1)
33 creatures vanquished.

Notes
Turn   | Place    | Note
-------+----------+-------------------------------------------
     0 | D:1      | Peloso the Demonspawn Fighter began the quest for the Orb.
     0 | D:1      | Reached XP level 1. HP: 18/18 MP: 1/1
    99 | D:1      | Gained mutation: You are partially covered in large bone
                  | plates. (SH +4) [demonic ancestry]
    99 | D:1      | Reached XP level 2. HP: 17/24 MP: 2/2
   651 | D:1      | Reached XP level 3. HP: 25/29 MP: 3/3
  1093 | D:2      | Gained mutation: You are clumsy. (Dex -2) [potion of
                  | mutation]
  1093 | D:2      | Gained mutation: Armour fits poorly on your strangely
                  | shaped body. [potion of mutation]
  1093 | D:2      | Gained mutation: You have a pair of small antennae on your
                  | head. [potion of mutation]
  1094 | D:2      | Lost mutation: You have a pair of small antennae on your
                  | head. [potion of mutation]
  1094 | D:2      | Lost mutation: Armour fits poorly on your strangely shaped
                  | body. [potion of mutation]
  1094 | D:2      | Gained mutation: You have large cloven feet. [potion of
                  | mutation]
  1094 | D:2      | Gained mutation: You are frail. (-10% HP) [potion of
                  | mutation]
  1094 | D:2      | Gained mutation: Your body sometimes deteriorates upon
                  | taking damage. [potion of mutation]
  1094 | D:2      | Gained mutation: You can translocate small distances at
                  | will. [potion of mutation]
  1191 | D:$      | Got out of the dungeon alive.

Illustrated notes

Levels and vault maps discovered:
D:1:      wander_arrival_desolate, layout_loops_ring, glass_columns_b
D:2:      layout_loops_ring, gammafunk_temple_overflow_claw,
          lemuel_blue_sif_altar

Skill      XL: |  1  2 |
---------------+-------+-----
Armour         | 3 |  3.3
Long Blades    | 2 |  2.2
Fighting       | |  3.2
Dodging        | |  0.3
Stealth        | |  0.3
Shields        | |  2.9

Action                   || total
-------------------------++-------
Melee: Long sword        ||   108
  Use: Potion            ||     7
  Eat: Chunk             ||     1
Armor: Scale mail        ||    43
Dodge: Dodged            ||    28
Block: Kite shield       ||    68
       Rpst.: Long sword ||     6
